 Dungeon Crawl Stone Soup version 0.27.1-1-g398f81649c (webtiles) character file.

Game seed: 9890321407865864110

1493 ZARRMARR the Slicer (level 8, 0/46 HPs)
             Began as an Octopode Conjurer on Sept 12, 2021.
             Succumbed to a killer bee's poison
             ... on level 7 of the Dungeon.
             The game lasted 00:21:24 (8248 turns).

ZARRMARR the Slicer (Octopode Conjurer)             Turns: 8248, Time: 00:21:25

Health: 0/46       AC:  1    Str: 16    XL:     8   Next: 81%
Magic:  10/11      EV: 14    Int: 23    God:
Gold:   573        SH:  0    Dex: 10    Spells: 10/11 levels left

rFire    . . .     SeeInvis .   s - +5 dagger "Poamn" {flame, Str+4}
rCold    . . .     Faith    .   (no shield)
rNeg     . . .     Spirit   .   (helmet restricted)
rPois    .         Reflect  .   (no amulet)
rElec    .         Harm     .   f - +6 ring of strength
rCorr    .         Rampage  .   (no ring)
Will     .....                  (no ring)
Stlth    +++.......             (no ring)
HPRegen  0.15/turn              (no ring)
MPRegen  0.12/turn              (no ring)
                                (no ring)
                                (no ring)

@: lethally poisoned (0 -> -2), on berserk cooldown, attractive, slowed, very
slow
A: almost no armour, amphibious, 8 rings, camouflage 1, gelatinous body 1,
(nimble swimmer 1), tentacles
a: no special abilities


You were on level 7 of the Dungeon.
You visited 1 branch of the dungeon, and saw 7 of its levels.
You also visited: Ossuary.

You collected 573 gold pieces.

Inventory:

Hand Weapons
 c - a +2 falchion of holy wrath
 s - the +5 dagger "Poamn" (weapon) {flame, Str+4}
   (You found it on level 6 of the Dungeon)

   It burns those it strikes, dealing additional fire damage.
   Str:       It affects your strength (+4).
Jewellery
 f - a +6 ring of strength (left tentacle)
Wands
 h - a wand of digging (8)
 m - a wand of polymorph (9)
 w - a wand of paralysis (7)
Scrolls
 d - a scroll of vulnerability
 e - 4 scrolls of teleportation
 i - 6 scrolls of enchant weapon
 j - a scroll of noise
 k - 3 scrolls of fog
 l - 2 scrolls of torment
 n - a scroll of immolation
 o - a scroll of amnesia {unknown}
 p - a scroll of magic mapping
 r - a scroll of brand weapon {unknown}
 t - a scroll of holy word {unknown}
 x - a scroll of summoning {unknown}
Potions
 a - a potion of haste {unknown}
 b - a potion of invisibility
 q - a potion of curing {unknown}
 u - 2 potions of attraction
 v - 2 potions of degeneration {unknown}
 z - 2 potions of lignification {unknown}
 A - a potion of flight {unknown}


   Skills:
 * Level 9.8 Short Blades
 + Level 4.4 Dodging
 - Level 2.6 Stealth
 - Level 2.0 Spellcasting
 - Level 4.0 Conjurations


You had 10 spell levels left.
You knew the following spells:

 Your Spells              Type           Power      Damage    Failure   Level
a - Magic Dart            Conj           80%        1d7       2%          1

Your spell library contained the following spells:

 Spells                   Type           Power      Damage    Failure   Level
 Searing Ray              Conj           40%        3d4       3%          2
 Beastly Appendage        Tmut           4%         N/A       13%         1
 Conjure Flame            Conj/Fire      11%        6-21      17%         3
 Dazzling Flash           Conj/Hex       22%        N/A       17%         3
 Wereblood                Tmut           2%         N/A       19%         2
 Ignite Poison            Fire/Tmut/Pois 2%         N/A       36%         3
 Spider Form              Tmut/Pois      1%         N/A       36%         3
 Fulminant Prism          Conj/Hex       5%         3d7       50%         4
 Iskenderun's Mystic Bla  Conj/Tloc      11%        2d4       50%         4
 Sticky Flame             Conj/Fire      11%        2d3       50%         4


Dungeon Overview and Level Annotations

Branches:
Dungeon (7/15)            Ossuary (visited)
 Temple: D:4-7

Altars:

Shops:
D:1 (   D:2 (   D:6 [

Annotations:
D:6 Prince Ribbit
D:7 exclusion: wraith


Innate Abilities, Weirdness & Mutations

You cannot wear most types of armour.
You are amphibious.
You can wear up to eight rings at the same time.
Your skin changes colour to match your surroundings (Stealth+).
Your rubbery body absorbs attacks. (AC +1, EV +1)
((You are camouflaged near water. (Stealth+)))
You have tentacles for arms and can constrict up to eight enemies at once.


Message History

You miss the killer bee. Your grab misses the killer bee.
You feel sick. The killer bee stings you!
* * * LOW HITPOINT WARNING * * *
You miss the killer bee. Your grab misses the killer bee.
You feel sick. The killer bee misses you.
You hit the killer bee. You burn the killer bee.
Your grab misses the killer bee.
The killer bee is heavily wounded.
You feel sick.
You hit the killer bee. You burn the killer bee.
Your grab misses the killer bee. Your squeeze misses the killer bee.
The killer bee is almost dead.
You feel sick. The killer bee stings you.
* * * LOW HITPOINT WARNING * * *
You closely miss the killer bee. Your grab misses the killer bee.
The killer bee is almost dead.
You feel sick. The killer bee closely misses you.
You barely miss the killer bee. You grab the killer bee.
Your squeeze misses the killer bee.
The killer bee is almost dead.
You constrict the killer bee, but do no damage.
You puncture the killer bee! You burn the killer bee.
You kill the killer bee!
You feel sick.
You feel sick.
You puncture the orc! You burn the orc.
You kill the orc!
You feel sick.
You feel a strong urge to attack something.
You feel sick.
You are no longer berserk.
You are exhausted.
You feel yourself slow down.
* * * LOW HITPOINT WARNING * * *
You feel sick.
* * * LOW HITPOINT WARNING * * *
You feel sick.
It was a potion of attraction.
You feel attractive to monsters.
You die...

. ....####################
#>..)................. .......
######.##...##########
.......####### #.##...# #
.......#.....###.##...# #####
.......#.#..<..@.##...# #....
.......#.#.#####.###### #.###
.......#.#.#.....# #######.###
.......#.#.#.##.## #..........
........^..#.##.# #..........
.......#......#'### #..........
..................# #..........
######............####..........
##.)...............########


There were no monsters in sight!

Vanquished Creatures
  A steam dragon (D:6)
  A black bear (D:6)
  A necrophage (D:5)
  An ogre (D:5)
  A phantom (D:6)
  An elf zombie (Ossuary)
  2 wyvern zombies (D:5)
  A bullfrog (D:7)
  2 scorpions
  3 killer bees (D:7)
  2 centaur zombies (Ossuary)
  A human zombie (Ossuary)
  A centaur skeleton (D:6)
  A jelly (D:4)
  A bullfrog skeleton (D:6)
  Jessica (D:2)
  2 iguanas (D:6)
  A hound zombie (D:5)
  2 mummies (Ossuary)
  A howler monkey zombie (D:5)
  3 gnolls (D:5)
  10 adders
  2 adder zombies (Ossuary)
  An adder skeleton (D:4)
  3 worms
  3 dart slugs
  5 orcs
  5 ball pythons
  4 endoplasms
  4 giant cockroaches
  3 goblins
  10 hobgoblins
  4 jackals (D:2)
  3 kobolds
  A quokka (D:4)
  5 bats
  8 frilled lizards
  2 goblin zombies (Ossuary)
  11 hobgoblin zombies (Ossuary)
  A jackal zombie (Ossuary)
  8 kobold zombies (Ossuary)
  7 orc zombies (Ossuary)
  6 rats
  A rat zombie (Ossuary)
137 creatures vanquished.

Notes
Turn   | Place    | Note
-------+----------+-------------------------------------------
     0 | D:1      | ZARRMARR the Octopode Conjurer began the quest for the Orb.
     0 | D:1      | Reached XP level 1. HP: 11/11 MP: 3/3
   230 | D:1      | Found Ziwoalo's Antique Weapon Boutique.
   250 | D:1      | Reached skill level 1 in Short Blades
   374 | D:1      | Reached XP level 2. HP: 17/17 MP: 3/5
   964 | D:1      | Reached skill level 2 in Short Blades
  1178 | D:2      | Reached XP level 3. HP: 11/21 MP: 4/6
  1481 | D:2      | Noticed Jessica
  1484 | D:2      | Killed Jessica
  1485 | D:2      | Reached skill level 3 in Short Blades
  1485 | D:2      | Reached XP level 4. HP: 27/27 MP: 3/7
  1583 | D:2      | Found Lovuox's Antique Weapon Shoppe.
  2095 | D:2      | You fall into a shaft and drop 1 floor!
  2172 | D:3      | Reached skill level 4 in Short Blades
  3072 | D:3      | Found a faded altar of an unknown god.
  3099 | D:3      | Reached XP level 5. HP: 31/31 MP: 6/8
  3645 | D:4      | Reached skill level 5 in Short Blades
  3725 | D:4      | Reached XP level 6. HP: 36/36 MP: 3/9
  4716 | D:5      | Entered Level 5 of the Dungeon
  4742 | D:5      | Reached skill level 6 in Short Blades
  5213 | D:5      | Reached XP level 7. HP: 21/41 MP: 7/10
  5426 | D:5      | Reached skill level 7 in Short Blades
  5989 | D:5      | Reached skill level 8 in Short Blades
  6136 | D:6      | Identified the +5 dagger "Poamn" {flame, Str+4}
  6291 | D:6      | Found a sand-covered staircase.
  6299 | Ossuary  | Entered an ossuary
  6780 | Ossuary  | Reached XP level 8. HP: 39/46 MP: 9/11
  7095 | Ossuary  | Identified a scroll of acquirement
  7098 | D:6      | Acquired 301 gold pieces
  7123 | D:6      | Reached skill level 9 in Short Blades
  7166 | D:6      | Found Noweolott's Armour Shoppe.
  7338 | D:6      | Noticed Prince Ribbit
  8183 | D:7      | Noticed a wraith
  8247 | D:7      | HP: 2/46 [poisoned by a killer bee]
  8248 | D:7      | Succumbed to a killer bee's poison

Illustrated notes

Levels and vault maps discovered:
D:1:      ncdulo_smallfort, layout_loops_cross, serial_shops,
          nicolae_square_shop
D:2:      layout_loops_corners, serial_shops, shop, grunt_ministairs_7,
          uniq_jessica
D:3:      layout_basic, ebering_ecumenical_altar_abandoned
D:4:      layout_loops_ring, chequers_avenue
D:5:      layout_loops_cross
D:6:      layout_loops_ring, nicolae_ossuary_entry_plus,
          cheibrodos_sewer_entry_bend, serial_shops, nicolae_shop_statue_plus,
          uniq_prince_ribbit1
D:7:      layout_basic, grunt_temple_overflow_cloverleaf, grunt_gozag_statues,
          minmay_temple_entry_offerings

Skill      XL: |  1  2  3  4  5  6  7  8 |
---------------+-------------------------+-----
Short Blades   | 1 2 3 4 5 6 8 9 |  9.8
Dodging        | 4 |  4.4
Stealth        | |  2.6
Spellcasting   | |  2.0
Conjurations   | |  4.0

Action                   |  1- 3 |  4- 6 |  7- 9 || total
-------------------------+-------+-------+-------++-------
Melee: Unarmed           |     9 |       |       ||     9
       Falchion          |    21 |    52 |    51 ||   124
       Constrict         |     6 |    14 |    19 ||    39
       Tentacles         |     3 |    12 |    16 ||    31
       Dagger            |       |       |    37 ||    37
 Cast: Magic Dart        |    25 |    97 |   112 ||   234
  Use: Scroll            |     4 |     5 |     5 ||    14
       Potion            |       |       |     3 ||     3
 Stab: Sleeping          |     4 |       |     3 ||     7
Armor: Skin              |     8 |     1 |       ||     9
Dodge: Dodged            |    25 |    29 |    48 ||   102
       Rpst.: Falchion   |     6 |     7 |     7 ||    20
